 Dungeon Crawl Stone Soup version 0.31-a0-331-geda263fcf1 (webtiles) character file.

Game seed: 15720546120115891128

377 LeprechaunX the Changeling (level 6, -5/40 (42) HPs)
             Began as an Octopode Shapeshifter on July 20, 2023.
             Slain by a wight
             ... wielding a +3 mace
              (11 damage)
             ... on level 5 of the Dungeon.
             The game lasted 00:04:21 (3827 turns).

LeprechaunX the Changeling (Octopode Shapeshifter)  Turns: 3827, Time: 00:04:22

HP:   -5/40 (42)    AC:  1    Str: 17    XL:     6   Next: 73%
MP:   6/6           EV: 13    Int: 10    God:
Gold: 234           SH:  0    Dex: 12    Spells: 5/5 levels left

rFire   . .          .
                       - Unarmed
rCold   . . .        (no shield)
rNeg    . . .        (helmet currently unavailable)
rPois   .            l - amulet of faith
rElec   .            (no ring)
rCorr   .            (no ring)
SInv    .            (no ring)
Will    .....        (no ring)
Stlth   ++           (no ring)
HPRegen 0.26/turn    (no ring)
MPRegen 0.10/turn    (no ring)
                     (no ring)

%: faith
@: beast-form, lightly drained
A: beast (slay +3), almost no armour, amphibious, 8 rings, camouflage 1,
gelatinous body 1, (nimble swimmer 1), tentacles
a: Begin Untransformation


You were on level 5 of the Dungeon.
You were a hulking beast.
You visited 1 branch of the dungeon, and saw 5 of its levels.

You collected 234 gold pieces.

Inventory:

Missiles
 c - 7 curare-tipped darts
 p - a throwing net
 s - 3 boomerangs of dispersal
Jewellery
 l - an amulet of faith (around mantle)
 r - a ring of ice
Talismans
 b - a beast talisman
Wands
 t - a wand of flame (16)
 C - a wand of acid (7)
Scrolls
 d - 2 scrolls of blinking {unknown}
 e - 3 scrolls of teleportation {unknown}
 g - 2 scrolls of brand weapon {unknown}
 h - 2 scrolls of noise {unknown}
 j - a scroll of revelation {unknown}
 k - 6 scrolls of identify {unknown}
 m - a scroll of vulnerability {unknown}
 o - a scroll of fog {unknown}
 v - 3 scrolls of acquirement {unknown}
 y - 6 scrolls of enchant armour {unknown}
 A - a scroll of enchant weapon {unknown}
 B - 2 scrolls of poison {unknown}
Potions
 a - a potion of lignification
 f - a potion of invisibility {unknown}
 i - 4 potions of curing {unknown}
 n - a potion of cancellation {unknown}
 u - a potion of mutation {unknown}
 w - 4 potions of heal wounds {unknown}
 x - a potion of magic {unknown}
 z - a potion of degeneration {unknown}


   Skills:
 + Level 3.1 Fighting
 + Level 3.2 Dodging
 * Level 4.3 Unarmed Combat
 * Level 4.4 Shapeshifting


You had 5 spell levels left.
You didn't know any spells.
Your spell library contained the following spells:

 Spells                   Type           Power      Damage    Failure   Level
 Apportation              Tloc           0%         N/A       36%         1
 Necrotise                Necr           0%         1d4       36%         1
 Summon Small Mammal      Summ           0%         N/A       36%         1


Dungeon Overview and Level Annotations

Branches:
Dungeon (5/15)
 Temple: D:4-7

Altars:
Gozag
Qazlal
The Shining One


Innate Abilities, Weirdness & Mutations

You are a hulking beast.
Your limbs bulge with bestial killing power. (Slay +3)
You cannot wear most types of armour.
You are amphibious.
You can wear up to eight rings at the same time.
Your skin changes colour to match your surroundings (Stealth+).
Your rubbery body absorbs attacks. (AC +1, EV +1)
((You are camouflaged when in or above water. (Stealth+)))
You have tentacles for arms and can constrict up to eight enemies at once.


Message History

No target in view!
No target in view!
HP restored.
g - 2 scrolls labelled QAWIORR XEQILO (gained 1)
w - 4 glowing dark potions (gained 1)
y - 6 scrolls labelled GONIEJOPHUCH (gained 1)
C - a wand of acid (7)
i - 4 fizzy white potions (gained 1)
You now have 234 gold pieces (gained 13). 2 wights come into view.
Found 16 gold pieces.
There are monsters nearby!
There are monsters nearby! 2 wights come into view.
The wight closely misses you. The wight attacks as you move away!
The wight completely misses you.
Throw: 2 javelins
Press: ? - help, Q - select action, (/) - cycle Shift-Dir - straight line, f - wight
Aim: a wight, wielding a +0 battleaxe and wearing a +0 robe (59% to hit)
You throw a javelin. The javelin closely misses the wight.
The javelin barely misses the wight.
The javelin pierces through the wight!
The wight is severely damaged.
The wight hits you with a +0 battleaxe!
You feel drained. The wight closely misses you.
The wight attacks as you move away! The wight hits you with a +0 battleaxe!
Throw: javelin
Press: ? - help, Q - select action, (/) - cycle Shift-Dir - straight line, f/p - wight
Aim: a wight, wielding a +0 battleaxe and wearing a +0 robe (59% to hit)
You throw a javelin. The javelin pierces through the wight.
The wight is moderately damaged.
The javelin barely misses the wight.
The javelin closely misses the wight.
The wight closely misses you.
The wight hits you from afar with a +0 halberd!
* * * LOW HITPOINT WARNING * * *
You tentacle-slap the wight but do no damage.
You grab the wight.
The wight is moderately damaged.
You constrict the wight. The wight hits you with a +3 mace!
You die...

###.####.#####
#.....#......#
####.# #.........
####.... #......#.#
........###......#.#
.
#...................
...
#.##.#####.........#
.....##z##...#
#.....†...#
.((....zzh...#
#..#.###..#
......#z##...#
#.......... .....
#.##..#####.(..##.##
....
#.##...........##.##
###
#.##.######....##.##
#.##.# #..####.##
#$##.# #..# #...
#.##.# #..# ## # ..#
#..# #


You could see 4 wights.

Vanquished Creatures
  2 scorpions
  A howler monkey (D:3)
  An orc priest (D:3)
  2 orc wizards (D:4)
  4 gnolls (D:2)
  2 adders (D:2)
  An ufetubus (D:5)
  A dart slug (D:4)
  9 orcs
  4 bats
  10 endoplasms
  4 giant cockroaches
  5 goblins
  4 hobgoblins
  3 jackals (D:3)
  2 kobolds
  3 quokkas
  3 ball pythons
  4 frilled lizards
  10 rats
75 creatures vanquished.

Notes
Turn   | Place    | Note
-------+----------+-------------------------------------------
     0 | D:1      | LeprechaunX the Octopode Shapeshifter began the quest for
                  | the Orb.
     0 | D:1      | Reached XP level 1. HP: 14/14 MP: 1/1
   363 | D:1      | Reached XP level 2. HP: 19/19 MP: 2/2
   743 | D:1      | Reached XP level 3. HP: 24/24 MP: 3/3
  2050 | D:2      | Reached XP level 4. HP: 24/30 MP: 4/4
  2258 | D:3      | Found a stormy altar of Qazlal.
  2431 | D:3      | Reached XP level 5. HP: 35/35 MP: 5/5
  2721 | D:3      | Found a glowing golden altar of the Shining One.
  2792 | D:3      | Found a faded altar of an unknown god.
  2997 | D:4      | Found an opulent altar of Gozag.
  3154 | D:3      | Reached XP level 6. HP: 31/41 MP: 6/6
  3658 | D:5      | Entered Level 5 of the Dungeon
  3827 | D:5      | Slain by a wight

Illustrated notes

Levels and vault maps discovered:
D:1:      lightli_arrival_flooded_house, layout_loops_corners
D:2:      layout_loops_ring
D:3:      layout_basic, mainiacjoe_overflow_boulevard, marbit_many_paths,
          serial_glass, glass_columns_a, glass_columns_a,
          shapermc_ecumenical_altar_hornbeckon
D:4:      layout_cave_pools, nicolae_gozag_cash_rules_everything_around_me,
          serial_rivers, chequers_serial_rivers_large_a,
          chequers_serial_rivers_micro_a, chequers_serial_rivers_marsh,
          chequers_serial_rivers_small_b, chequers_serial_rivers_marsh
D:5:      layout_loops_ring, dk_noncrumbling_3, uniq_blork_the_orc,
          uniq_menkaure, uniq_eustachio

Skill      XL: |  1  2  3  4  5  6 |
---------------+-------------------+-----
Unarmed Combat | 3 4 |  4.3
Shapeshifting  | 4 |  4.4
Dodging        | 3 |  3.2
Fighting       | 3 |  3.1

Action                     |  1- 3 |  4- 6 || total
---------------------------+-------+-------++-------
  Melee: Unarmed           |    52 |    96 ||   148
         Constrict         |    12 |    25 ||    37
         Tentacles         |     4 |    13 ||    17
         Punch             |     2 |     2 ||     4
  Throw: Javelin           |       |     2 ||     2
   Stab: Sleeping          |     8 |     3 ||    11
 Armour: Skin              |     2 |     7 ||     9
  Dodge: Dodged            |    23 |    53 ||    76

Table legend: (Time is in decaauts)
 A = Elapsed time spent in this place.
 B = Non-inter-level travel time spent in this place.
 C = Inter-level travel time spent in this place.
 D = Time resting spent in this place.
 E = Time spent auto-exploring this place.
 F = Levels seen in this place.
 G = Mean time per level.
                   A        B        C        D        E       F      G
               +--------+--------+--------+--------+--------+-----+--------+
         Total |   3820 |   3414 |    406 |    214 |   2663 |   5 |  764.0 |
       Dungeon |   3820 |   3414 |    406 |    214 |   2663 |   5 |  764.0 |
               +--------+--------+--------+--------+--------+-----+--------+

Top non-repeatable levels by time:
     D:2: 1156 daAuts
     D:1: 985 daAuts
     D:3: 757 daAuts
     D:4: 752 daAuts
     D:5: 169 daAuts
